[ PARTIDA AOE2 · #471110426 ]
UnrankedArmenios vs Bengalis
[ ANÁLISIS DE REPETICIÓN · EXTRAÍDO DE LA PARTIDA GRABADA ]
Feudal
14:10
Castillos
22:31
Imperial
—
| APM promedio | 17.8 |
| APM pico | 34 |
| eAPM promedio | 10.5 |
| Aldeanos / militares | 86 / 95 |
Foco
⚔️ 37.4% · 🌾 62.6%
Skirmisher ×44 · Militia ×26 · Spearman ×19 · Fishing Ship ×5 · Unknown (2626) ×4 · Warrior Priest ×3
Feudal
15:32
Castillos
21:05
Imperial
35:43
| APM promedio | 26.4 |
| APM pico | 75 |
| eAPM promedio | 14.0 |
| Aldeanos / militares | 98 / 123 |
Foco
⚔️ 33.9% · 🌾 66.1%
Ratha (Ranged) ×62 · Scout Cavalry ×31 · Fishing Ship ×19 · Elephant Archer ×14 · Fire Galley ×7 · Trebuchet (Packed) ×4
Feudal
13:12
Castillos
22:07
Imperial
39:41
| APM promedio | 16.6 |
| APM pico | 34 |
| eAPM promedio | 10.1 |
| Aldeanos / militares | 103 / 169 |
Foco
⚔️ 39.1% · 🌾 60.9%
Spearman ×67 · Militia ×45 · Scorpion ×31 · Woad Raider ×18 · Fishing Ship ×8 · Battering Ram ×5
Feudal
23:15
Castillos
28:00
Imperial
—
| APM promedio | 27.8 |
| APM pico | 171 |
| eAPM promedio | 14.8 |
| Aldeanos / militares | 98 / 135 |
Foco
⚔️ 22.5% · 🌾 77.5%
Scout Cavalry ×80 · Fishing Ship ×42 · Cavalry Archer ×39 · Magyar Huszar ×9 · Knight ×7 · Unknown (2626) ×7
Mapa de la partida
Recursos iniciales + cada clic de construcción. Líneas = muros · curvas = relieve. ◆ oro · ⬟ piedra · ● bayas · ✦ reliquia · ◌ hueco del cierre
Inputs por minuto
— derboo - - meric_akpinar
Build order — derboo
Primeras 150 de 290 acciones detectadas
| 0:53 | Construir | Town Center |
| 1:34 | Construir | House |
| 2:55 | Construir | Dock |
| 3:17 | Construir | House |
| 3:25 | Construir | House |
| 3:33 | Crear | Villager (Male) |
| 3:33 | Crear | Villager (Male) |
| 3:33 | Crear | Villager (Male) |
| 4:24 | Crear | Villager (Male) |
| 4:24 | Crear | Villager (Male) |
| 4:51 | Crear | Villager (Male) |
| 5:25 | Crear | Villager (Male) |
| 6:03 | Crear | Villager (Male) |
| 6:25 | Crear | Villager (Male) |
| 6:52 | Crear | Villager (Male) |
| 6:52 | Crear | Villager (Male) |
| 7:07 | Crear | Fishing Ship |
| 7:21 | Crear | Villager (Male) |
| 7:30 | Construir | House |
| 7:37 | Crear | Villager (Male) |
| 8:20 | Crear | Villager (Male) |
| 8:21 | Crear | Villager (Male) |
| 8:38 | Construir | Mule Cart |
| 9:21 | Crear | Villager (Male) |
| 9:22 | Crear | Villager (Male) |
| 9:37 | Construir | House |
| 9:49 | Crear | Villager (Male) |
| 10:01 | Crear | Villager (Male) |
| 10:01 | Crear | Villager (Male) |
| 10:10 | Crear | Fishing Ship |
| 10:55 | Crear | Villager (Male) |
| 11:13 | Investigar | Loom |
| 11:28 | Investigar | Feudal Age |
| 11:36 | Construir | Barracks |
| 12:30 | Construir | House |
| 12:47 | Construir | House |
| 12:51 | Crear | Spearman |
| 12:51 | Crear | Spearman |
| 12:51 | Crear | Spearman |
| 13:04 | Crear | Fishing Ship |
| 13:17 | Crear | Villager (Male) |
| 13:18 | Crear | Villager (Male) |
| 14:10 | Edad | Edad Feudal |
| 14:54 | Construir | Mill |
| 15:05 | Construir | Blacksmith |
| 15:10 | Crear | Villager (Male) |
| 15:10 | Crear | Villager (Male) |
| 15:41 | Crear | Unit 2626 |
| 15:53 | Crear | Unit 2626 |
| 16:07 | Construir | House |
| 17:55 | Crear | Fishing Ship |
| 17:55 | Crear | Fishing Ship |
| 17:57 | Crear | Villager (Male) |
| 17:58 | Crear | Villager (Male) |
| 17:58 | Crear | Villager (Male) |
| 17:58 | Crear | Villager (Male) |
| 17:58 | Crear | Villager (Male) |
| 18:32 | Crear | Unit 2626 |
| 18:45 | Construir | Market |
| 18:52 | Construir | Mule Cart |
| 19:26 | Crear | Villager (Male) |
| 19:49 | Investigar | Castle Age |
| 20:06 | Investigar | Pikeman (upgrade) |
| 20:07 | Crear | Spearman |
| 20:07 | Crear | Spearman |
| 20:07 | Crear | Spearman |
| 20:08 | Crear | Spearman |
| 20:19 | Construir | House |
| 20:25 | Construir | Barracks |
| 20:31 | Construir | House |
| 21:12 | Crear | Unit 2626 |
| 21:18 | Construir | House |
| 21:21 | Construir | House |
| 21:34 | Construir | Barracks |
| 21:57 | Investigar | Wheelbarrow |
| 22:31 | Edad | Edad de los Castillos |
| 23:17 | Investigar | War Galley (upgrade) |
| 23:34 | Construir | Town Center |
| 24:55 | Construir | Castle |
| 25:23 | Investigar | Fletching |
| 25:39 | Crear | Villager (Male) |
| 25:39 | Crear | Villager (Male) |
| 25:39 | Crear | Villager (Male) |
| 27:03 | Construir | Monastery |
| 27:13 | Construir | Town Center |
| 27:18 | Crear | Composite Bowman |
| 27:18 | Crear | Composite Bowman |
| 27:18 | Crear | Composite Bowman |
| 27:41 | Crear | Villager (Male) |
| 27:41 | Crear | Villager (Male) |
| 27:41 | Crear | Villager (Male) |
| 27:42 | Crear | Villager (Male) |
| 27:42 | Crear | Villager (Male) |
| 27:42 | Crear | Villager (Male) |
| 27:47 | Crear | Villager (Male) |
| 27:47 | Crear | Villager (Male) |
| 28:42 | Investigar | Padded Archer Armor |
| 28:53 | Construir | Archery Range |
| 28:57 | Construir | Archery Range |
| 29:05 | Crear | Warrior Priest |
| 29:12 | Crear | Villager (Male) |
| 29:12 | Crear | Villager (Male) |
| 29:12 | Crear | Villager (Male) |
| 29:12 | Crear | Villager (Male) |
| 29:13 | Crear | Villager (Male) |
| 30:33 | Crear | Villager (Male) |
| 30:34 | Crear | Villager (Male) |
| 30:34 | Crear | Villager (Male) |
| 30:34 | Crear | Villager (Male) |
| 30:51 | Construir | University |
| 30:58 | Construir | Monastery |
| 31:03 | Construir | Mule Cart |
| 31:27 | Investigar | Elite Skirmisher (upgrade) |
| 31:47 | Crear | Skirmisher |
| 32:03 | Construir | Farm |
| 32:03 | Construir | Farm |
| 32:03 | Construir | Farm |
| 32:03 | Construir | Farm |
| 32:04 | Construir | Farm |
| 32:04 | Construir | Farm |
| 32:04 | Construir | Farm |
| 32:13 | Investigar | Double-Bit Axe |
| 32:21 | Investigar | Horse Collar |
| 33:44 | Crear | Skirmisher |
| 33:44 | Crear | Skirmisher |
| 33:44 | Crear | Skirmisher |
| 33:44 | Crear | Skirmisher |
| 33:44 | Crear | Skirmisher |
| 34:27 | Crear | Skirmisher |
| 34:27 | Crear | Skirmisher |
| 34:27 | Crear | Skirmisher |
| 34:27 | Crear | Skirmisher |
| 34:27 | Crear | Skirmisher |
| 34:28 | Crear | Skirmisher |
| 34:50 | Investigar | Forging |
| 34:51 | Investigar | Scale Barding Armor |
| 34:55 | Investigar | Leather Archer Armor |
| 34:58 | Crear | Skirmisher |
| 34:58 | Crear | Skirmisher |
| 34:58 | Crear | Skirmisher |
| 35:38 | Crear | Villager (Male) |
| 35:38 | Crear | Villager (Male) |
| 35:38 | Crear | Villager (Male) |
| 36:28 | Crear | Skirmisher |
| 36:29 | Crear | Skirmisher |
| 36:29 | Crear | Skirmisher |
| 36:29 | Crear | Skirmisher |
| 36:29 | Crear | Skirmisher |
| 36:30 | Crear | Skirmisher |
| 36:30 | Crear | Skirmisher |
Build order — meric_akpinar
Primeras 150 de 426 acciones detectadas
| 1:03 | Construir | Town Center |
| 1:33 | Construir | House |
| 3:08 | Crear | Villager (Male) |
| 3:08 | Crear | Villager (Male) |
| 3:09 | Crear | Villager (Male) |
| 3:09 | Crear | Villager (Male) |
| 4:23 | Crear | Villager (Male) |
| 4:23 | Crear | Villager (Male) |
| 4:51 | Crear | Villager (Male) |
| 5:18 | Construir | House |
| 5:27 | Construir | Dock |
| 5:32 | Crear | Villager (Male) |
| 5:51 | Crear | Villager (Male) |
| 6:00 | Construir | House |
| 6:26 | Crear | Villager (Male) |
| 6:51 | Crear | Villager (Male) |
| 6:51 | Crear | Villager (Male) |
| 7:14 | Crear | Villager (Male) |
| 7:14 | Crear | Villager (Male) |
| 7:15 | Crear | Fishing Ship |
| 7:28 | Construir | House |
| 7:29 | Construir | House |
| 7:46 | Crear | Villager (Male) |
| 8:13 | Investigar | Loom |
| 8:16 | Crear | Fishing Ship |
| 8:33 | Crear | Villager (Male) |
| 8:39 | Crear | Fishing Ship |
| 8:51 | Construir | House |
| 8:56 | Crear | Villager (Male) |
| 8:56 | Crear | Villager (Male) |
| 9:08 | Construir | Mill |
| 9:19 | Crear | Villager (Male) |
| 9:26 | Crear | Fishing Ship |
| 9:46 | Crear | Villager (Male) |
| 9:46 | Crear | Villager (Male) |
| 9:47 | Crear | Villager (Male) |
| 9:47 | Crear | Villager (Male) |
| 9:54 | Crear | Fishing Ship |
| 10:44 | Crear | Fishing Ship |
| 11:07 | Construir | Dock |
| 11:09 | Crear | Villager (Male) |
| 11:09 | Crear | Villager (Male) |
| 11:10 | Crear | Villager (Male) |
| 11:26 | Crear | Fishing Ship |
| 11:26 | Crear | Fishing Ship |
| 11:45 | Construir | House |
| 11:59 | Crear | Fishing Ship |
| 12:12 | Crear | Fishing Ship |
| 12:13 | Crear | Fishing Ship |
| 12:20 | Crear | Villager (Male) |
| 12:29 | Crear | Villager (Male) |
| 12:32 | Crear | Fishing Ship |
| 12:42 | Crear | Fishing Ship |
| 13:07 | Crear | Fishing Ship |
| 13:17 | Crear | Fishing Ship |
| 13:18 | Crear | Fishing Ship |
| 13:22 | Investigar | Feudal Age |
| 13:38 | Construir | House |
| 13:52 | Crear | Fishing Ship |
| 14:27 | Construir | Barracks |
| 14:44 | Crear | Fishing Ship |
| 14:44 | Crear | Fishing Ship |
| 15:10 | Construir | Lumber Camp |
| 15:31 | Construir | House |
| 15:32 | Edad | Edad Feudal |
| 15:32 | Construir | House |
| 15:38 | Crear | Villager (Male) |
| 15:39 | Crear | Villager (Male) |
| 15:45 | Investigar | Double-Bit Axe |
| 15:46 | Investigar | Double-Bit Axe |
| 16:04 | Construir | House |
| 16:05 | Construir | House |
| 16:15 | Investigar | Tech 906 |
| 16:26 | Crear | Villager (Male) |
| 16:27 | Crear | Villager (Male) |
| 16:35 | Construir | House |
| 17:03 | Construir | Market |
| 17:14 | Crear | Villager (Male) |
| 17:14 | Crear | Villager (Male) |
| 17:28 | Construir | Stable |
| 17:42 | Construir | Watch Tower |
| 18:18 | Crear | Villager (Male) |
| 18:23 | Investigar | Castle Age |
| 18:23 | Investigar | Castle Age |
| 18:32 | Construir | Blacksmith |
| 18:35 | Construir | Stable |
| 18:37 | Crear | Villager (Male) |
| 18:37 | Crear | Villager (Male) |
| 18:54 | Crear | Unit 2626 |
| 18:55 | Crear | Unit 2626 |
| 19:08 | Construir | House |
| 19:27 | Construir | Mining Camp |
| 19:32 | Crear | Villager (Male) |
| 19:55 | Investigar | Bloodlines |
| 20:02 | Construir | Lumber Camp |
| 20:21 | Construir | House |
| 20:47 | Crear | Fire Galley |
| 21:05 | Edad | Edad de los Castillos |
| 21:07 | Construir | Town Center |
| 21:09 | Crear | Villager (Male) |
| 21:10 | Investigar | Bow Saw |
| 21:16 | Investigar | Scale Barding Armor |
| 21:22 | Crear | Villager (Male) |
| 21:24 | Investigar | Gillnets |
| 21:42 | Investigar | Gold Mining |
| 21:54 | Construir | Castle |
| 21:59 | Crear | Villager (Male) |
| 22:44 | Crear | Villager (Male) |
| 22:44 | Crear | Villager (Male) |
| 22:47 | Investigar | Town Watch |
| 22:51 | Construir | Farm |
| 22:52 | Investigar | Horse Collar |
| 22:56 | Construir | Farm |
| 22:59 | Crear | Villager (Male) |
| 23:07 | Construir | Town Center |
| 23:16 | Investigar | Fletching |
| 23:18 | Investigar | War Galley (upgrade) |
| 23:57 | Construir | Farm |
| 23:59 | Crear | Villager (Male) |
| 24:29 | Construir | Watch Tower |
| 24:33 | Construir | University |
| 24:36 | Construir | Monastery |
| 24:38 | Crear | Villager (Male) |
| 24:38 | Crear | Villager (Male) |
| 24:38 | Crear | Villager (Male) |
| 24:42 | Construir | Mill |
| 25:12 | Investigar | Paiks |
| 25:17 | Investigar | Paiks |
| 25:18 | Crear | Ratha (Ranged) |
| 25:18 | Crear | Ratha (Ranged) |
| 25:19 | Crear | Ratha (Ranged) |
| 25:19 | Crear | Ratha (Ranged) |
| 25:19 | Crear | Ratha (Ranged) |
| 25:23 | Investigar | Padded Archer Armor |
| 25:24 | Crear | Villager (Male) |
| 25:24 | Crear | Villager (Male) |
| 25:28 | Construir | Farm |
| 25:31 | Crear | Monk |
| 25:48 | Construir | Farm |
| 25:48 | Construir | Farm |
| 25:48 | Construir | Farm |
| 25:49 | Construir | Farm |
| 26:21 | Construir | Dock |
| 26:33 | Crear | Villager (Male) |
| 26:33 | Crear | Villager (Male) |
| 26:35 | Construir | Farm |
| 26:47 | Construir | House |
| 26:53 | Investigar | Wheelbarrow |
| 26:55 | Crear | Villager (Male) |
| 26:57 | Crear | Villager (Male) |
Build order — stephanq
Primeras 150 de 293 acciones detectadas
| 0:04 | Construir | House |
| 0:40 | Construir | Town Center |
| 1:07 | Construir | Dock |
| 2:56 | Crear | Villager (Male) |
| 2:57 | Crear | Villager (Male) |
| 3:09 | Crear | Villager (Male) |
| 3:47 | Crear | Villager (Male) |
| 4:12 | Crear | Villager (Male) |
| 4:34 | Crear | Villager (Male) |
| 4:51 | Construir | House |
| 5:06 | Crear | Fishing Ship |
| 5:21 | Crear | Villager (Male) |
| 5:50 | Crear | Fishing Ship |
| 6:00 | Construir | House |
| 6:03 | Crear | Villager (Male) |
| 6:43 | Investigar | Loom |
| 6:48 | Crear | Fishing Ship |
| 7:13 | Crear | Villager (Male) |
| 7:36 | Crear | Fishing Ship |
| 7:41 | Crear | Villager (Male) |
| 7:52 | Construir | House |
| 8:04 | Crear | Villager (Male) |
| 8:28 | Crear | Villager (Male) |
| 8:30 | Crear | Villager (Male) |
| 8:40 | Construir | Mill |
| 8:53 | Crear | Fishing Ship |
| 9:06 | Crear | Villager (Male) |
| 9:29 | Crear | Villager (Male) |
| 9:32 | Crear | Fishing Ship |
| 9:45 | Construir | House |
| 9:47 | Construir | House |
| 9:49 | Construir | House |
| 10:00 | Construir | Palisade Wall |
| 10:08 | Crear | Villager (Male) |
| 10:19 | Construir | House |
| 10:28 | Crear | Fishing Ship |
| 11:02 | Investigar | Feudal Age |
| 11:14 | Construir | Mining Camp |
| 11:19 | Construir | House |
| 11:21 | Crear | Villager (Male) |
| 11:45 | Construir | Barracks |
| 12:11 | Construir | House |
| 12:36 | Construir | Lumber Camp |
| 13:01 | Construir | House |
| 13:12 | Edad | Edad Feudal |
| 13:22 | Crear | Villager (Male) |
| 13:28 | Investigar | Double-Bit Axe |
| 14:14 | Crear | Villager (Male) |
| 14:14 | Crear | Villager (Male) |
| 14:17 | Construir | House |
| 14:41 | Construir | Blacksmith |
| 14:54 | Investigar | Gold Mining |
| 14:56 | Crear | Villager (Male) |
| 15:01 | Construir | House |
| 15:13 | Crear | Villager (Male) |
| 15:22 | Crear | Fishing Ship |
| 15:24 | Crear | Transport Ship |
| 15:36 | Investigar | Horse Collar |
| 15:55 | Crear | Villager (Male) |
| 15:56 | Crear | Villager (Male) |
| 16:21 | Construir | Market |
| 16:24 | Construir | House |
| 16:25 | Crear | Villager (Male) |
| 16:34 | Construir | Farm |
| 16:34 | Construir | Farm |
| 16:35 | Construir | Farm |
| 16:46 | Construir | Lumber Camp |
| 17:20 | Construir | Stone Wall |
| 17:22 | Crear | Villager (Male) |
| 17:22 | Crear | Villager (Male) |
| 17:35 | Construir | House |
| 17:53 | Construir | Mining Camp |
| 18:08 | Investigar | Wheelbarrow |
| 18:38 | Investigar | Tech 906 |
| 19:04 | Construir | Building 487 |
| 19:15 | Investigar | Castle Age |
| 19:18 | Construir | House |
| 19:29 | Construir | Stone Wall |
| 19:50 | Construir | Farm |
| 19:50 | Construir | Farm |
| 19:51 | Construir | Farm |
| 20:11 | Crear | Villager (Male) |
| 20:13 | Construir | House |
| 20:17 | Investigar | Man-at-Arms (upgrade) |
| 20:18 | Investigar | Arson |
| 20:34 | Construir | Farm |
| 20:34 | Construir | Farm |
| 20:34 | Construir | Farm |
| 20:36 | Construir | Farm |
| 20:49 | Construir | House |
| 21:26 | Construir | Stone Wall |
| 21:32 | Crear | Villager (Male) |
| 21:34 | Construir | House |
| 21:40 | Crear | Villager (Male) |
| 22:07 | Edad | Edad de los Castillos |
| 22:22 | Investigar | Gambesons |
| 22:30 | Construir | Town Center |
| 23:02 | Construir | Outpost |
| 23:05 | Investigar | Town Watch |
| 23:05 | Investigar | Hand Cart |
| 23:39 | Construir | Town Center |
| 23:41 | Crear | Villager (Male) |
| 23:42 | Crear | Villager (Male) |
| 24:06 | Construir | Outpost |
| 24:10 | Investigar | Town Patrol |
| 24:23 | Investigar | Long Swordsman (upgrade) |
| 24:26 | Investigar | Pikeman (upgrade) |
| 24:32 | Investigar | Heavy Plow |
| 24:34 | Investigar | Bow Saw |
| 24:51 | Crear | Villager (Male) |
| 24:56 | Construir | Outpost |
| 25:19 | Crear | Villager (Male) ×5 |
| 25:36 | Construir | Farm |
| 25:37 | Construir | Farm |
| 25:38 | Construir | Farm |
| 25:54 | Construir | Outpost |
| 25:58 | Crear | Villager (Male) ×5 |
| 26:23 | Construir | Stone Wall |
| 26:36 | Crear | Villager (Male) ×4 |
| 26:49 | Crear | Militia |
| 26:49 | Crear | Militia |
| 26:50 | Crear | Militia |
| 26:50 | Crear | Militia |
| 26:54 | Construir | Outpost |
| 27:07 | Construir | Farm |
| 27:07 | Construir | Farm |
| 27:08 | Construir | Farm |
| 27:28 | Construir | Barracks |
| 27:29 | Construir | Barracks |
| 27:29 | Construir | Barracks |
| 27:30 | Construir | Barracks |
| 27:32 | Construir | Barracks |
| 27:44 | Crear | Villager (Male) ×5 |
| 27:48 | Crear | Villager (Male) ×4 |
| 28:02 | Crear | Militia |
| 28:22 | Construir | Castle |
| 28:43 | Investigar | Fletching |
| 28:44 | Investigar | Forging |
| 28:45 | Investigar | Scale Mail Armor |
| 28:57 | Construir | Siege Workshop |
| 29:01 | Construir | Siege Workshop |
| 29:42 | Crear | Battering Ram |
| 29:52 | Investigar | Gold Shaft Mining |
| 29:59 | Crear | Villager (Male) ×5 |
| 30:27 | Crear | Battering Ram |
| 30:27 | Crear | Battering Ram |
| 30:37 | Construir | Mining Camp |
| 30:44 | Crear | Militia ×5 |
| 30:44 | Crear | Spearman ×5 |
| 30:51 | Investigar | Iron Casting |
Build order — Aebriel
Primeras 150 de 354 acciones detectadas
| 1:50 | Construir | Town Center |
| 3:12 | Construir | House |
| 3:49 | Crear | Villager (Male) |
| 3:49 | Crear | Villager (Male) |
| 3:50 | Crear | Villager (Male) |
| 3:50 | Crear | Villager (Male) |
| 5:01 | Crear | Villager (Male) |
| 5:30 | Investigar | Loom |
| 5:34 | Crear | Villager (Male) |
| 5:55 | Crear | Villager (Male) |
| 6:26 | Crear | Villager (Male) |
| 6:49 | Construir | House |
| 6:55 | Investigar | Loom |
| 6:56 | Crear | Villager (Male) |
| 7:15 | Crear | Villager (Male) |
| 7:24 | Construir | House |
| 8:11 | Crear | Villager (Male) |
| 8:21 | Construir | Dock |
| 8:46 | Crear | Villager (Male) |
| 8:46 | Crear | Villager (Male) |
| 8:54 | Crear | Villager (Male) |
| 8:56 | Crear | Villager (Male) |
| 9:08 | Construir | Barracks |
| 9:31 | Crear | Fishing Ship |
| 10:11 | Crear | Fishing Ship |
| 10:39 | Crear | Villager (Male) |
| 10:39 | Crear | Villager (Male) |
| 10:39 | Crear | Villager (Male) |
| 10:40 | Crear | Villager (Male) |
| 11:04 | Construir | House |
| 11:24 | Construir | House |
| 11:28 | Crear | Villager (Male) |
| 11:29 | Crear | Villager (Male) |
| 11:42 | Crear | Fishing Ship |
| 11:42 | Crear | Fishing Ship |
| 11:54 | Construir | Palisade Wall |
| 12:13 | Crear | Villager (Male) |
| 12:15 | Crear | Fishing Ship |
| 12:15 | Crear | Fishing Ship |
| 12:42 | Construir | Dock |
| 12:44 | Crear | Villager (Male) |
| 12:49 | Construir | House |
| 12:52 | Crear | Fishing Ship |
| 12:53 | Crear | Fishing Ship |
| 12:55 | Crear | Villager (Male) |
| 13:22 | Construir | House |
| 13:27 | Crear | Fishing Ship |
| 13:27 | Crear | Fishing Ship |
| 13:52 | Construir | Lumber Camp |
| 13:57 | Crear | Villager (Male) |
| 13:57 | Crear | Villager (Male) |
| 14:15 | Construir | House |
| 14:15 | Crear | Villager (Male) |
| 14:25 | Crear | Fishing Ship |
| 14:25 | Crear | Fishing Ship |
| 14:57 | Construir | Lumber Camp |
| 14:58 | Crear | Villager (Male) |
| 14:59 | Crear | Villager (Male) |
| 15:31 | Crear | Villager (Male) |
| 15:47 | Crear | Fishing Ship |
| 15:47 | Crear | Fishing Ship |
| 15:48 | Crear | Fishing Ship |
| 15:56 | Crear | Fishing Ship |
| 16:15 | Construir | Mill |
| 16:19 | Crear | Villager (Male) |
| 16:19 | Crear | Villager (Male) |
| 16:27 | Crear | Fishing Ship |
| 16:32 | Crear | Fishing Ship |
| 17:38 | Construir | House |
| 17:39 | Construir | House |
| 17:40 | Construir | House |
| 17:41 | Construir | House |
| 17:42 | Construir | House |
| 18:13 | Crear | Villager (Male) |
| 18:29 | Construir | Dock |
| 19:27 | Construir | Farm |
| 19:28 | Construir | Farm |
| 19:28 | Construir | Farm |
| 19:28 | Construir | Farm |
| 19:29 | Construir | Farm |
| 20:14 | Crear | Fishing Ship |
| 20:14 | Crear | Fishing Ship |
| 20:25 | Construir | Dock |
| 20:45 | Construir | House |
| 20:46 | Construir | House |
| 20:50 | Construir | House |
| 21:05 | Investigar | Feudal Age |
| 21:15 | Crear | Fishing Ship |
| 21:15 | Crear | Fishing Ship |
| 21:15 | Crear | Fishing Ship |
| 21:15 | Crear | Fishing Ship |
| 21:18 | Crear | Fishing Ship |
| 21:18 | Crear | Fishing Ship |
| 21:19 | Crear | Fishing Ship |
| 21:19 | Crear | Fishing Ship |
| 21:32 | Crear | Villager (Male) |
| 21:32 | Crear | Villager (Male) |
| 21:32 | Crear | Villager (Male) |
| 21:37 | Crear | Villager (Male) |
| 23:15 | Edad | Edad Feudal |
| 23:32 | Construir | Blacksmith |
| 23:37 | Construir | Market |
| 23:49 | Construir | House |
| 23:49 | Construir | House |
| 23:49 | Construir | House |
| 23:50 | Construir | House |
| 23:51 | Construir | House |
| 23:51 | Construir | House |
| 23:52 | Construir | House |
| 23:58 | Crear | Fishing Ship |
| 23:59 | Crear | Fishing Ship |
| 24:19 | Crear | Unit 2626 |
| 24:19 | Crear | Unit 2626 |
| 24:20 | Crear | Unit 2626 |
| 24:20 | Crear | Unit 2626 |
| 24:20 | Crear | Unit 2626 |
| 24:20 | Crear | Unit 2626 |
| 24:21 | Crear | Unit 2626 |
| 24:30 | Crear | Fishing Ship |
| 24:30 | Crear | Fishing Ship |
| 24:30 | Crear | Fishing Ship |
| 24:30 | Crear | Fishing Ship |
| 24:31 | Crear | Fishing Ship |
| 24:36 | Crear | Villager (Male) |
| 24:36 | Crear | Villager (Male) |
| 24:43 | Crear | Villager (Male) |
| 24:44 | Crear | Villager (Male) |
| 25:01 | Construir | Stable |
| 25:02 | Construir | Stable |
| 25:11 | Investigar | Scale Barding Armor |
| 25:13 | Investigar | Castle Age |
| 25:16 | Investigar | Castle Age |
| 25:21 | Investigar | Double-Bit Axe |
| 25:56 | Construir | Archery Range |
| 25:58 | Construir | Archery Range |
| 25:59 | Construir | Archery Range |
| 27:00 | Construir | Stable |
| 27:13 | Construir | House |
| 27:13 | Construir | House |
| 27:14 | Construir | House |
| 27:15 | Construir | House |
| 27:15 | Construir | House |
| 27:20 | Crear | Fishing Ship |
| 27:20 | Crear | Fishing Ship |
| 27:20 | Crear | Fishing Ship |
| 27:25 | Investigar | Tech 906 |
| 27:30 | Crear | Fishing Ship |
| 27:31 | Crear | Fishing Ship |
| 27:31 | Crear | Fishing Ship |
| 27:31 | Crear | Fishing Ship |
Cronología de la partida
| 1:07 | stephanq · first_building Dock |
| 2:55 | derboo · first_building Dock |
| 5:27 | meric_akpinar · first_building Dock |
| 8:21 | Aebriel · first_building Dock |
| 9:08 | Aebriel · first_building Barracks |
| 10:00 | stephanq · wall_segment Palisade Wall x2 |
| 11:36 | derboo · first_building Barracks |
| 11:45 | stephanq · first_building Barracks |
| 11:54 | Aebriel · wall_segment Palisade Wall x1 |
| 13:12 | stephanq · age_up feudal |
| 14:10 | derboo · age_up feudal |
| 14:27 | meric_akpinar · first_building Barracks |
| 15:32 | meric_akpinar · age_up feudal |
| 17:20 | stephanq · wall_segment Stone Wall x5 |
| 17:28 | meric_akpinar · first_building Stable |
| 18:21 | meric_akpinar · first_market_sell 100 food |
| 19:29 | stephanq · wall_segment Stone Wall x4 |
| 21:05 | meric_akpinar · age_up castle |
| 21:26 | stephanq · wall_segment Stone Wall x1 |
| 21:54 | meric_akpinar · first_building Castle |
| 22:07 | stephanq · age_up castle |
| 22:31 | derboo · age_up castle |
| 23:15 | Aebriel · age_up feudal |
| 24:36 | meric_akpinar · first_building Monastery |
| 24:55 | derboo · first_building Castle |
| 25:01 | Aebriel · first_building Stable |
| 25:56 | Aebriel · first_building Archery Range |
| 26:23 | stephanq · wall_segment Stone Wall x8 |
| 27:03 | derboo · first_building Monastery |
| 28:00 | Aebriel · age_up castle |
| 28:22 | stephanq · first_building Castle |
| 28:53 | derboo · first_building Archery Range |
| 28:57 | stephanq · first_building Siege Workshop |
| 31:40 | Aebriel · first_building Monastery |
| 33:18 | Aebriel · first_market_sell 100 wood |
| 35:43 | meric_akpinar · age_up imperial |
| 36:29 | meric_akpinar · first_building Archery Range |
| 37:06 | derboo · first_market_sell 100 wood |
| 37:08 | derboo · first_market_buy 100 food |
| 39:28 | stephanq · tribute_sent a jugador 1 |
| 39:28 | stephanq · tribute_sent a jugador 3 |
| 39:28 | stephanq · tribute_sent a jugador 4 |
| 39:41 | stephanq · age_up imperial |
| 41:54 | stephanq · first_market_sell 100 wood |
| 41:57 | stephanq · first_market_buy 100 food |
| 42:34 | Aebriel · first_market_buy 100 food |
| 42:53 | Aebriel · first_building Castle |
| 43:24 | stephanq · wall_segment Stone Wall x1 |
| 43:31 | stephanq · wall_segment Stone Wall x1 |
| 50:06 | derboo · resign |
[ ANÁLISIS IA · 1 CRÉDITO ]
¿Qué pasó realmente en esta partida?
Wolo.gg analiza cada decisión: build order, eco, micro, errores típicos por bracket. Análisis personalizado por WhatsApp o Discord en 30 segundos.
Guía civ
Armenios
Perfil
Jugador #3895987